 Dungeon Crawl Stone Soup version 0.31-a0-664-g902f515a81 (webtiles) character file.

Game seed: 12317518544160579246

49 Xavori the Cutter (level 3, 0/26 HPs)
             Began as an Octopode Chaos Knight on Sept 2, 2023.
             Was a Plaything of Xom.
             Succumbed to an adder's poison
             ... on level 3 of the Dungeon.
             The game lasted 00:00:39 (1979 turns).

Xavori the Cutter (Octopode Chaos Knight)           Turns: 1979, Time: 00:00:40

Health: 0/26       AC:  3    Str: 11    XL:     3   Next: 75%
Magic:  3/3        EV: 13    Int: 14    God:    Xom [......]
Gold:   49         SH:  0    Dex: 13    Spells: 2/2 levels left

rFire   + . .        a - +0 short sword (chaos)
rCold   + . .        (no shield)
rNeg    . . .        (helmet restricted)
rPois   .            (no amulet)
rElec   .            (no ring)
rCorr   .            (no ring)
SInv    .            (no ring)
Will    .....        (no ring)
Stlth   +++          (no ring)
HPRegen 0.24/turn    (no ring)
MPRegen 0.08/turn    (no ring)
                     (no ring)

%: no passive effects
@: lethally poisoned (0 -> -3), attractive
A: almost no armour, amphibious, 8 rings, camouflage 1, gelatinous body 1,
(nimble swimmer 1), tentacles, tentacle spike 2, iridescent scales 1, cold
resistance 1, fire resistance 1
a: Renounce Religion


You were on level 3 of the Dungeon.
You worshipped Xom.
You were a very special plaything of Xom.
You visited 1 branch of the dungeon, and saw 3 of its levels.

You collected 49 gold pieces.

Inventory:

Hand Weapons
 a - a +0 short sword of chaos (weapon)
Jewellery
 e - a ring of wizardry
Scrolls
 b - a scroll of butterflies
 g - a scroll of torment {unknown}
 i - a scroll of teleportation {unknown}
Potions
 c - a potion of magic {unknown}
 d - 2 potions of lignification {unknown}
 f - a potion of berserk rage {unknown}
 h - a potion of brilliance {unknown}
 j - a potion of cancellation {unknown}
 k - a potion of attraction
 l - a potion of mutation


   Skills:
 + Level 3.6 Fighting
 + Level 3.6 Short Blades
 + Level 2.8 Dodging
 + Level 1.0 Stealth
 + Level 0.1 Shields


You had 2 spell levels left.
You didn't know any spells.
Your spell library was empty.

Dungeon Overview and Level Annotations

Branches:
Dungeon (2/15)

Altars:


Innate Abilities, Weirdness & Mutations

You cannot wear most types of armour.
You are amphibious.
You can wear up to eight rings at the same time.
Your skin changes colour to match your surroundings (Stealth+).
Your rubbery body absorbs attacks. (AC +1, EV +1)
((You are camouflaged when in or above water. (Stealth+)))
You have tentacles for arms and can constrict up to eight enemies at once.
One of your tentacles bears a nasty spike.
You are partially covered in iridescent scales. (AC +2)
Your flesh is cold resistant. (rC+)
Your flesh is heat resistant. (rF+)


Message History

You block the adder's attack.
Your Stealth skill increases to level 1!
You have reached level 3!
Your experience leads to an increase in your attributes!
Increase (S)trength, (I)ntelligence, or (D)exterity?
You feel agile. x2
You feel sick.
You are now a very special plaything of Xom.
The adder attacks as it pursues you! The adder misses you.
The orc barely misses you.
The orc wizard mumbles some strange words.
The orc wizard flickers and vanishes!
Deactivating autopickup; reactivate with Ctrl-A.
You feel sick.
You feel sick. The adder attacks as it pursues you! The adder bites you.
You feel sick.
You are no longer poisoned.
The adder bites you.
* * * LOW HITPOINT WARNING * * *
The adder attacks as it pursues you! The adder bites you.
* * * LOW HITPOINT WARNING * * *
You are lethally poisoned!
The adder poisons you! The orc attacks as it pursues you!
You block the orc's attack.
* * * LOW HITPOINT WARNING * * *
You feel sick. The adder attacks as it pursues you! The adder misses you.
The orc attacks as it pursues you! You block the orc's attack.
* * * LOW HITPOINT WARNING * * *
You feel sick. The adder attacks as it pursues you!
The adder closely misses you. The adder misses you.
It was a potion of mutation.
You feel extremely strange.
Your large bone plates recede somewhat.
Your large bone plates disappear.
You feel resistant to heat.
* * * LOW HITPOINT WARNING * * *
You feel sick. The adder barely misses you.
It was a potion of attraction.
You feel attractive to monsters.
Xom roars with laughter!
You die...
Xom snickers!

#############
#...........#
#...........#
#...........#
############...........#
..........#............##
......)...S.............>
#########@#...o...)....#
#.#$........[..#
#.#............#
#.#............#
#.#?...........#
#.##...........#
#.############## ..# ..#


You could see an adder.

Vanquished Creatures
  An orc priest (D:3)
  3 endoplasms (D:1)
  2 giant cockroaches (D:1)
  2 goblins (D:1)
  2 hobgoblins (D:1)
  A kobold (D:3)
  2 quokkas
  2 bats (D:1)
  A frilled lizard (D:1)
  2 rats (D:1)
18 creatures vanquished.

Notes
Turn   | Place    | Note
-------+----------+-------------------------------------------
     0 | D:1      | Xavori the Octopode Chaos Knight began the quest for the
                  | Orb.
     0 | D:1      | Reached XP level 1. HP: 16/16 MP: 1/1
   151 | D:1      | Reached XP level 2. HP: 15/21 MP: 2/2
   239 | D:1      | XOM: silly message
  1045 | D:1      | XOM: give mutations
  1045 | D:1      | Gained mutation: You are partially covered in large bone
                  | plates. (SH +4) [Xom's grace]
  1045 | D:1      | Gained mutation: Your flesh is cold resistant. (rC+) [Xom's
                  | grace]
  1937 | D:1      | XOM: give mutations
  1937 | D:1      | Gained mutation: You are partially covered in iridescent
                  | scales. (AC +2) [Xom's grace]
  1937 | D:1      | Gained mutation: One of your tentacles bears a spike.
                  | [Xom's grace]
  1937 | D:1      | Gained mutation: You are mostly covered in large bone
                  | plates. (SH +6) [Xom's grace]
  1937 | D:1      | Gained mutation: One of your tentacles bears a nasty spike.
                  | [Xom's grace]
  1950 | D:2      | You fall into a shaft and drop 1 floor!
  1970 | D:3      | Reached skill level 1 in Stealth
  1970 | D:3      | Reached XP level 3. HP: 12/26 MP: 3/3
  1978 | D:3      | Lost mutation: You are mostly covered in large bone plates.
                  | (SH +6) [potion of mutation]
  1978 | D:3      | Lost mutation: You are partially covered in large bone
                  | plates. (SH +4) [potion of mutation]
  1978 | D:3      | Gained mutation: Your flesh is heat resistant. (rF+)
                  | [potion of mutation]
  1978 | D:3      | HP: 1/26 [poisoned by an adder]
  1979 | D:3      | Succumbed to an adder's poison

Illustrated notes

Levels and vault maps discovered:
D:1:      lemuel_arrival_cross, layout_basic
D:2:      layout_rooms, basic_altar, minmay_tromino_i2
D:3:      layout_basic, mainiacjoe_overflow_alcove_4

Skill      XL: |  1  2 |
---------------+-------+-----
Stealth        | 1 |  1.0
Fighting       | |  3.6
Short Blades   | |  3.6
Dodging        | |  2.8
Shields        | |  0.1

Action                     || total
---------------------------++-------
  Melee: Short sword       ||    35
         Constrict         ||     7
         Tentacles         ||     8
    Use: Potion            ||     2
   Stab: Sleeping          ||     3
 Armour: Skin              ||    20
  Dodge: Dodged            ||    27
  Block: Other             ||     7

Table legend: (Time is in decaauts)
 A = Elapsed time spent in this place.
 B = Non-inter-level travel time spent in this place.
 C = Inter-level travel time spent in this place.
 D = Time resting spent in this place.
 E = Time spent auto-exploring this place.
 F = Levels seen in this place.
 G = Mean time per level.
                   A        B        C        D        E       F      G
               +--------+--------+--------+--------+--------+-----+--------+
         Total |   1973 |   1946 |     27 |   1361 |    464 |   3 |  657.7 |
       Dungeon |   1973 |   1946 |     27 |   1361 |    464 |   3 |  657.7 |
               +--------+--------+--------+--------+--------+-----+--------+

Top non-repeatable levels by time:
     D:1: 1932 daAuts
     D:3: 28 daAuts
     D:2: 13 daAuts
